 Dungeon Crawl Stone Soup version 0.30.1-9-gdf580d7c3d (webtiles) character file.

Game seed: 3469346919637419907

42 Ivernyr the Shield-Bearer (level 3, -1/29 HPs)
             Began as a Formicid Fighter on Oct 16, 2023.
             Slain by a gnoll
             ... wielding a +0 halberd
              (13 damage)
             ... on level 2 of the Dungeon.
             The game lasted 00:02:46 (924 turns).

Ivernyr the Shield-Bearer (Formicid Fighter)         Turns: 924, Time: 00:02:46

Health: -1/29      AC:  6    Str: 22    XL:     3   Next: 80%
Magic:  3/3        EV:  9    Int:  7    God:
Gold:   99         SH:  5    Dex: 13    Spells: 2/2 levels left

rFire   . . .        a - +0 quarterstaff
rCold   . . .        c - +0 buckler
rNeg    . . .        b - +0 scale mail
rPois   .            (helmet unavailable)
rElec   .            (no cloak)
rCorr   .            (no gloves)
SInv    +            (no boots)
Will    .....        (no amulet) Stlth
                     (no ring)
HPRegen 0.24/turn    (no ring)
MPRegen 0.08/turn

%: no passive effects
@: no status effects
A: permanent stasis, dig shafts and tunnels, antennae 3, four strong arms
a: Dig, Shaft Self


You were on level 2 of the Dungeon.
You visited 1 branch of the dungeon, and saw 2 of its levels.

You collected 99 gold pieces.

Inventory:

Hand Weapons
 a - a +0 quarterstaff (weapon)
Armour
 b - a +0 scale mail (worn)
 c - a +0 buckler (worn)
Jewellery
 h - an amulet of guardian spirit
Scrolls
 g - a scroll of identify {unknown}
 j - a scroll of teleportation {unknown}
Potions
 d - a potion of might
 e - a potion of degeneration {unknown}
 f - 2 potions of heal wounds {unknown}
 i - a potion of flight {unknown}
 k - a potion of haste {unknown}
 l - a potion of magic {unknown}
 m - 2 potions of curing {unknown}
 n - a potion of lignification {unknown}


   Skills:
 + Level 3.6 Fighting
 * Level 2.8 Staves
 + Level 3.6 Armour
 + Level 4.5 Shields


You had 2 spell levels left.
You didn't know any spells.
Your spell library was empty.

Dungeon Overview and Level Annotations

Branches:
Dungeon (2/15)

Altars:


Innate Abilities, Weirdness & Mutations

You cannot be hasted, slowed, berserked, paralysed or teleported.
You can dig through walls and to a lower floor.
You have a pair of large antennae on your head. (SInv)
Your four strong arms can wield two-handed weapons with a shield.


Message History

You kill the endoplasm!
m - 2 fuming green potions (gained 1)
f - 2 viscous grey potions (gained 1)
n - a murky silvery potion You now have 99 gold pieces (gained 9).
You sense a monster nearby.
A hobgoblin comes into view.
Found a lumpy amethyst potion.
The hobgoblin shouts!
You completely miss the hobgoblin. The hobgoblin closely misses you.
The hobgoblin hits you but does no damage.
You hit the hobgoblin.
The hobgoblin is heavily wounded.
The hobgoblin hits you.
You hit the hobgoblin but do no damage.
The hobgoblin is heavily wounded.
The hobgoblin hits you.
A gnoll comes into view. It is wielding a +0 halberd.
The gnoll shouts!
You hit the hobgoblin.
You kill the hobgoblin!
You see here a hobgoblin corpse.
A gnoll comes into view. It is wielding a +0 club.
The gnoll shouts!
The gnoll hits you with a +0 halberd!
You hit the gnoll.
The gnoll is moderately wounded.
The gnoll barely misses you. The gnoll hits you with a +0 halberd!
You hit the gnoll.
The gnoll is heavily wounded.
The gnoll hits you but does no damage.
A kobold comes into view. It is wielding a +0 short sword.
The gnoll closely misses you.
You closely miss the gnoll.
The gnoll is heavily wounded.
The kobold shouts!
You hear a shout!
The gnoll hits you but does no damage. You block the gnoll's attack.
A gnoll comes into view. It is wielding a +0 flail.
The gnoll hits you from afar with a +0 halberd!
You die...

# #. #######
#.##.....#
........## g!......#
.K.....# #g.....#
#.g#...# ##@....#
##†...# ########
##...# #.......
#####...#####.......
#...................
#.................[.
#...................
#...............###.
#...............####


You could see 3 gnolls and a kobold.

Vanquished Creatures
  5 bats
  4 endoplasms
  A giant cockroach (D:1)
  A goblin (D:1)
  7 hobgoblins
  4 kobolds
  3 quokkas (D:1)
  6 ball pythons
  A frilled lizard (D:1)
  3 rats (D:1)
35 creatures vanquished.

Notes
Turn   | Place    | Note
-------+----------+-------------------------------------------
     0 | D:1      | Ivernyr the Formicid Fighter began the quest for the Orb.
     0 | D:1      | Reached XP level 1. HP: 18/18 MP: 1/1
   123 | D:1      | Reached XP level 2. HP: 24/24 MP: 2/2
   393 | D:1      | Reached XP level 3. HP: 29/29 MP: 3/3
   924 | D:2      | Slain by a gnoll

Illustrated notes

Levels and vault maps discovered:
D:1:      minmay_arrival_four_loops, layout_basic, minmay_close_crescents
D:2:      layout_basic

Action                     || total
---------------------------++-------
  Melee: Quarterstaff      ||    98
Ability: Dig               ||     1
 Armour: Scale mail        ||    58
  Dodge: Dodged            ||    50
  Block: Buckler           ||    22
